 Dungeon Crawl Stone Soup version 0.32-a0-768-g0f6f1dd4b9 (webtiles) character file.

Game seed: 14911119510681086714

8842 Shayle the Fighter (level 11, -6/93 HPs)
             Began as a Coglin Alchemist on Mar 18, 2024.
             Mangled by a wind drake (8 damage)
             ... on level 10 of the Dungeon.
             The game lasted 00:59:04 (14012 turns).

Shayle the Fighter (Coglin Alchemist)              Turns: 14012, Time: 00:59:05

Health: -6/93      AC: 10    Str:  8    XL:     11   Next: 37%
Magic:  3/15       EV: 10    Int: 19    God:
Gold:   175        SH:  0    Dex: 15    Spells: 4/16 levels left

rFire   . . .        i - +5 sling {Jinae}
rCold   . . .        j - +0 sling {Miranda}
rNeg    . . .        z - +0 acid dragon scales
rPois   .            (no helmet)
rElec   .            B - +0 cloak
rCorr   +            g - +0 pair of gloves
SInv    .            (no boots)
Will    .....        (amulet unavailable)
Stlth   ++           (ring unavailable)
HPRegen 0.35/turn    (ring unavailable)
MPRegen 0.14/turn    (no gizmo)

%: no passive effects
@: slowed, revving, very slow
A: off-hand wielding, slow wielding, warmup strikes, no jewellery
a: Invent Gizmo


You were on level 10 of the Dungeon.
You visited 2 branches of the dungeon, and saw 11 of its levels.
You also visited: Ossuary.

You collected 543 gold pieces.
You spent 368 gold pieces at shops.

Inventory:

Hand Weapons
 a - a +0 hand axe of electrocution
 f - a +2 vampiric short sword {Charoen}
 i - a +5 sling (weapon) {Jinae}
 j - a +0 sling (offhand) {Miranda}
 m - a +2 dagger of electrocution {Enrique}
 p - the +6 dagger of Dancing Instant Death {heavy, rC+ Dex+2}
   (You found it on level 4 of the Dungeon)

   Dex+2:     It affects your dexterity (+2).
   rC+:       It protects you from cold.
 G - the +11 short sword "Vedosch Zino" {pain, Str+4}
   (You found it on level 8 of the Dungeon)

   Str+4:     It affects your strength (+4).
Missiles
 u - a curare-tipped dart
Armour
 d - a +1 robe of fire resistance
 g - a +0 pair of gloves (worn)
 z - +0 acid dragon scales (worn)
 B - a +0 cloak (worn)
Wands
 r - a wand of polymorph (11)
Scrolls
 e - a scroll of amnesia
 l - 3 scrolls of immolation
 o - 2 scrolls of revelation
 v - a scroll of vulnerability
 A - a scroll of blinking
 E - 2 scrolls of teleportation
Potions
 b - 5 potions of magic
 c - a potion of mutation {unknown}
 k - 2 potions of attraction
 n - 2 potions of haste
 t - a potion of brilliance {unknown}
 w - 2 potions of lignification
 x - 2 potions of cancellation
 C - a potion of berserk rage
 F - a potion of curing
 H - a potion of enlightenment {unknown}


   Skills:
 - Level 11.2 Fighting
 - Level 8.6 Ranged Weapons
 - Level 6.1 Armour
 + Level 2.0 Dodging
 - Level 1.5 Stealth
 + Level 3.1 Spellcasting
 + Level 2.9 Conjurations
 + Level 0.6 Fire Magic
 + Level 2.5 Air Magic
 - Level 4.6 Alchemy


You had 4 spell levels left.
You knew the following spells:

 Your Spells              Type           Power      Damage    Failure   Level
a - Sting                 Conj/Alch      68%        1d7       5%          1
b - Mephitic Cloud        Conj/Alch/Air  15%        N/A       19%         3
c - Sticky Flame          Fire/Alch      13%        2d5       63%         4
d - Olgreb's Toxic Radia  Alch           20%        N/A       36%         4

Your spell library contained the following spells:

 Spells                   Type           Power      Damage    Failure   Level
 Mercury Vapours          Alch/Air       32%        N/A       9%          2
 Cigotuvi's Dreadful Rot  Necr/Alch/Air  24%        N/A       14%         2
 Sandblast                Erth           6%         2d5       24%         1
 Slow                     Hex            12%        N/A       24%         1
 Stone Arrow              Conj/Erth      16%        3d8       36%         3
 Confusing Touch          Hex            3%         N/A       58%         3
 Gell's Gravitas          Tloc           3%         N/A       58%         3
 Teleport Other           Tloc           3%         N/A       58%         3
 Tukima's Dance           Hex            3%         N/A       58%         3
 Vampiric Draining        Necr           3%         2d6       58%         3
 Ignite Poison            Fire/Alch      13%        N/A       63%         4
 Leda's Liquefaction      Alch/Erth      5%         N/A       67%         4
 Brom's Barrelling Bould  Conj/Erth      8%         2d3       78%         4
 Passage of Golubria      Tloc           3%         N/A       94%         4
 Yara's Violent Unravell  Hex/Alch       5%         3d4       95%         5
 Freezing Cloud           Conj/Ice/Air   4%         6-21      97%         5
 Lee's Rapid Deconstruct  Erth           1%         3d4*      100%        5
 Dispersal                Tloc           1%         N/A       100%        6
 Permafrost Eruption      Ice/Erth       1%         2x4d2     100%        6


Dungeon Overview and Level Annotations

Branches:
Dungeon (10/15)            Temple (1/1) D:6            Lair (0/5) D:8
    Orc (0/2) D:9         Ossuary (visited)

Altars:
Ashenzari
Cheibriados
Dithmenos
Elyvilon
Fedhas
Gozag
Hepliaklqana
Kikubaaqudgha
Makhleb
Nemelex Xobeh
Okawaru
Qazlal
Ru
Sif Muna
Trog
Uskayaw
Vehumet
Wu Jian
Xom
Zin
The Shining One

Shops:
D:2 (   D:3 [   D:7 !(*   D:10 (

Annotations:
D:3 Grinder
D:6 1 runed translucent door, Blork the orc, Crazy Yiuf


Innate Abilities, Weirdness & Mutations

You can wield a second weapon in your off-hand.
It takes a long time for you to wield or remove held weapons.
Your first few attacks do less damage.
You cannot equip rings or amulets.


Message History

The wind drake flaps its wings at you. The air twists around and strikes you!
* * * LOW HITPOINT WARNING * * *
Unknown command.
You shoot a sling bullet.
The sling bullet completely misses the wind drake.
You shoot a sling bullet. The sling bullet hits the wind drake.
The wind drake is almost dead.
The wind drake bites you.
* * * LOW HITPOINT WARNING * * *
Unknown command.
You feel better. The wind drake closely misses you.
The wind drake flaps its wings at you. The air twists around and strikes you!
* * * LOW HITPOINT WARNING * * *
You shoot a sling bullet.
The sling bullet completely misses the wind drake.
You shoot a sling bullet.
The sling bullet completely misses the wind drake.
The wind drake misses you. The wind drake flaps its wings at you.
The air twists around and strikes you.
* * * LOW HITPOINT WARNING * * *
Aiming: Mindburst
Press: ? - help, Shift-Dir - straight line, f/p - wind drake
Aim: a wind drake (almost dead, repelling missiles, chance to affect: 47%)
The wind drake resists with some effort.
The now-empty wand crumbles to dust.
The wind drake exhales a fierce blast of wind!
You are knocked back by the gust of wind.
You slam into the rock wall.
* * * LOW HITPOINT WARNING * * *
The wind drake misses you.
Casting: Mephitic Cloud (dangerous; 19% risk of failure)
Confirm with . or Enter, or press ? or * to list all spells.
Aiming: Sting (safe; 5% risk of failure)
Press: ? - help, Shift-Dir - straight line, f/p - wind drake
Aim: a wind drake (almost dead, repelling missiles, catching its breath, 25% to hit)
The wind drake repels the sting!
The wind drake bites you!
You die...

.>........... ...... #...##
.... #### ## ...... #.#..##
#.. ..# .. ......
..##..###.#####.#####.#
.##... .[
##...#.....#.##....# ....
#### .#
##........#....#####.#..
...
.........k...(.............
....
.#............##.#.....).#
....
.#...........†.k@#.##....#
#. #...........###.#.#
....#
#.?...............##....#
#...........###.........#
#...........# #####.....#
.........# #.....#
#.......# #<....# .......
#######


You could see a wind drake (repels missiles, catching breath) and a wyvern
(confused).

Vanquished Creatures
  A two-headed ogre (D:9)
  Maurice (D:7)
  Jeremiah (D:9)
  Maggie (D:6)
  A troll (D:8)
  A hornet (D:9)
  Prince Ribbit (D:5)
  Sigmund (D:3)
  4 wyverns
  Eustachio (D:5)
  11 yaks (D:8)
  A wraith (D:10)
  2 steam dragons
  A warg (D:9)
  Duvessa (D:6)
  3 water moccasins
  3 orc warriors
  A sky beast (D:8)
  2 centaurs
  A weeping skull (Ossuary)
  A kobold brigand (D:6)
  2 bullfrogs
  3 gnoll sergeants (D:7)
  3 scorpions
  6 wights
  Dowan (D:6)
  3 howler monkeys
  2 centaur zombies (Ossuary)
  9 orc priests
  2 bombardier beetles
  7 hounds
  4 jellies
  2 spectral scorpions (Ossuary)
  2 sleepcaps
  4 iguanas
  16 orc wizards
  2 hound zombies (Ossuary)
  3 mummies (Ossuary)
  13 gnolls
  5 adders
  3 ribbon worm zombies (D:6)
  2 ufetubi (D:6)
  7 adder zombies (Ossuary)
  4 dart slugs
  A ribbon worm (D:2)
  40 orcs
  7 endoplasms
  4 giant cockroaches
  3 gnoll zombies (Ossuary)
  6 goblins
  11 hobgoblins
  6 jackals (D:2)
  6 quokkas
  2 ball pythons
  5 ball python zombies (Ossuary)
  3 bats
  2 frilled lizards (D:1)
  2 jackal zombies (Ossuary)
  13 kobolds
  7 kobold zombies (Ossuary)
  8 rats
271 creatures vanquished.

Notes
Turn   | Place    | Note
-------+----------+-------------------------------------------
     0 | D:1      | Shayle the Coglin Alchemist began the quest for the Orb.
     0 | D:1      | Reached XP level 1. HP: 13/13 MP: 3/3
   263 | D:1      | Reached skill level 1 in Fighting
   263 | D:1      | Reached XP level 2. HP: 21/21 MP: 1/4
   411 | D:1      | Reached skill level 1 in Ranged Weapons
   797 | D:1      | Reached XP level 3. HP: 25/26 MP: 3/5
  1185 | D:2      | Reached skill level 2 in Fighting
  1266 | D:2      | Found Ynyr's Antique Weapon Shoppe.
  1420 | D:2      | Reached XP level 4. HP: 22/34 MP: 6/6
  2148 | D:3      | Noticed Sigmund
  2165 | D:3      | Killed Sigmund
  2166 | D:3      | Reached skill level 3 in Fighting
  2166 | D:3      | Reached XP level 5. HP: 41/42 MP: 3/7
  2166 | D:3      | Reached XP level 6. HP: 46/48 MP: 3/8
  2167 | D:3      | Reached skill level 4 in Fighting
  2309 | D:3      | Found Xoaceblo's Armour Shop.
  2463 | D:3      | Noticed Grinder
  2463 | D:3      | Paralysed by Grinder for 5 turns
  3278 | D:4      | Identified the +6 dagger of Dancing Instant Death {heavy,
                  | rC+ Dex+2}
  3341 | D:4      | Reached XP level 7. HP: 55/55 MP: 9/9
  3468 | D:4      | Found an ancient bone altar of Kikubaaqudgha.
  3614 | D:4      | Reached skill level 5 in Fighting
  3885 | D:4      | Identified the +0 robe "Mipostr Fopie" {Harm Str+3
                  | Archmagi}
  3939 | D:5      | Entered Level 5 of the Dungeon
  3939 | D:5      | Noticed Prince Ribbit
  3949 | D:5      | Killed Prince Ribbit
  3950 | D:5      | Reached skill level 5 in Ranged Weapons
  4001 | D:5      | Noticed Eustachio
  4021 | D:5      | Killed Eustachio
  4022 | D:5      | Reached skill level 6 in Fighting
  4022 | D:5      | Reached XP level 8. HP: 45/64 MP: 10/10
  5104 | D:6      | Reached skill level 7 in Fighting
  5109 | D:6      | Noticed Maggie
  5298 | D:6      | Found a burning altar of Makhleb.
  5305 | D:6      | Found a sand-covered staircase.
  5335 | Ossuary  | Entered an ossuary
  6272 | D:6      | Noticed Dowan
  6369 | D:6      | Found a staircase to the Ecumenical Temple.
  6411 | D:6      | You fall into a shaft and drop 3 floors!
  6439 | D:9      | Noticed a hornet
  6447 | D:9      | Paralysed by a hornet for 1 turns
  6469 | D:9      | Reached XP level 9. HP: 33/74 MP: 9/11
  6473 | D:9      | Learned a level 3 spell: Mephitic Cloud
  6634 | D:8      | Reached skill level 8 in Fighting
  7272 | D:7      | Found Emoisaga's Antique Weapon Shoppe.
  7273 | D:7      | Found Myapniephi's Assorted Antiques.
  7322 | D:7      | Bought a silver wand for 120 gold pieces
  7322 | D:7      | Bought a lumpy brown potion for 27 gold pieces
  7362 | D:7      | Reached skill level 9 in Fighting
  7633 | D:6      | Killed Maggie
  7713 | D:6      | Found a runed translucent door.
  7714 | D:6      | Noticed Crazy Yiuf
  7714 | D:6      | Noticed Blork the orc
  7752 | D:6      | Noticed Duvessa
  7911 | D:7      | Noticed Maurice
  7925 | D:7      | Killed Maurice
  7926 | D:7      | Reached XP level 10. HP: 85/85 MP: 0/12
  8360 | D:7      | Reached skill level 10 in Fighting
  8713 | D:7      | Found Kemetaamu's Distillery.
  8721 | D:7      | Bought a potion of curing for 39 gold pieces
  8721 | D:7      | Bought a potion of curing for 39 gold pieces
  8721 | D:7      | Bought a potion of heal wounds for 65 gold pieces
  8721 | D:7      | Bought a potion of curing for 39 gold pieces
  8721 | D:7      | Bought a potion of lignification for 39 gold pieces
  9393 | D:8      | Found a staircase to the Lair.
  9945 | D:8      | Reached skill level 11 in Fighting
  9945 | D:8      | Reached skill level 5 in Armour
 10056 | D:8      | Identified the +11 short sword "Vedosch Zino" {pain, Str+4}
 10363 | D:9      | Noticed a two-headed ogre
 10368 | D:9      | Noticed Jeremiah
 11013 | D:8      | Learned a level 4 spell: Sticky Flame
 11152 | D:8      | Reached skill level 1 in Conjurations
 11642 | D:9      | Paralysed by a hornet for 3 turns
 11661 | D:9      | Reached skill level 1 in Air Magic
 11661 | D:9      | Reached XP level 11. HP: 40/86 MP: 7/14
 11892 | D:9      | Found a staircase to the Orcish Mines.
 12222 | D:9      | Killed a two-headed ogre
 12698 | D:10     | Entered Level 10 of the Dungeon
 12849 | Temple   | Entered the Ecumenical Temple
 13138 | D:6      | Killed Duvessa
 13151 | D:6      | Killed Dowan
 13788 | D:9      | Learned a level 4 spell: Olgreb's Toxic Radiance
 13832 | D:9      | Killed Jeremiah
 13963 | D:10     | Found Egie's Weapon Boutique.
 14011 | D:10     | HP: 1/93 [rock wall collision (6)]
 14012 | D:10     | Mangled by a wind drake

Illustrated notes

Levels and vault maps discovered:
D:1:      onia_arrival_handbag, layout_basic
D:2:      layout_loops_ring, serial_shops, shop, minmay_indecisive_spiral
D:3:      layout_loops_corners, serial_shops, shop, uniq_grinder, uniq_sigmund
D:4:      layout_rooms, mainiacjoe_overflow_alcove_2,
          serial_library_hellmonk_statue_hall
D:5:      layout_loops_ring, uniq_prince_ribbit1, uniq_eustachio
D:6:      layout_loops_cross, mainiacjoe_overflow_24_doors, temple_pool_b,
          serial_glass, glass_columns_a, glass_columns_a, glass_columns_a,
          glass_columns_b, glass_columns_b, feat_on_display,
          due_unseen_surprise, item_on_display_a, item_on_display_a,
          enter_ossuary_3, uniq_maggie, uniq_crazy_yiuf_cottage, uniq_duvessa,
          uniq_blork_the_orc
D:7:      layout_basic, serial_shops, shop, shop_fountains, nicolae_shop_trees,
          uniq_maurice
D:8:      layout_loops_ring, minmay_lair_entry_grove, grunt_ministairs_9,
          nicolae_elevator_lobby_plus
D:9:      layout_irregular_city, erik_orc_4, uniq_jeremiah
D:10:     layout_basic, yredelemnul_forgotten_temple_becter, serial_shops,
          nicolae_shop_bloodbath_and_beyond, hive_lemuel
Temple:   hellmonk_temple_of_storms

Skill      XL: |  1  2  3  4  5  6  7  8  9 10 11 |
---------------+----------------------------------+-----
Fighting       | 1 2 3 4 6 7 9 11 | 11.2
Ranged Weapons | 1 2 3 4 5 7 8 |  8.6
Armour         | 2 5 6 |  6.1
Spellcasting   | 2 3 |  3.1
Conjurations   | 1 2 |  2.9
Air Magic      | 1 2 |  2.5
Alchemy        | 4 |  4.6
Dodging        | 2 |  2.0
Stealth        | |  1.5
Fire Magic     | |  0.6

Action                     |  1- 3 |  4- 6 |  7- 9 | 10-12 || total
---------------------------+-------+-------+-------+-------++-------
  Melee: Unarmed           |    13 |       |       |       ||    13
         Short sword       |    58 |    53 |       |       ||   111
         Dagger            |    55 |    53 |       |       ||   108
         Sling             |       |       |     2 |     4 ||     6
   Fire: Sling             |       |    66 |   964 |   608 ||  1638
  Throw: Dart              |       |       |     2 |       ||     2
   Cast: Sting             |    37 |    12 |    29 |    53 ||   131
         Mephitic Cloud    |       |       |    11 |    37 ||    48
  Evoke: Wand              |       |       |       |    22 ||    22
    Use: Scroll            |       |     6 |    13 |     9 ||    28
         Potion            |       |       |     2 |     6 ||     8
   Stab: Sleeping          |     4 |     4 |       |       ||     8
 Armour: Robe              |    39 |    34 |   170 |       ||   243
         Skin              |       |       |     8 |    24 ||    32
         Acid dragon scale |       |       |     7 |   168 ||   175
  Dodge: Dodged            |    44 |    38 |   136 |   108 ||   326

Table legend: (Time is in decaauts)
 A = Elapsed time spent in this place.
 B = Non-inter-level travel time spent in this place.
 C = Inter-level travel time spent in this place.
 D = Time resting spent in this place.
 E = Time spent auto-exploring this place.
 F = Levels seen in this place.
 G = Mean time per level.
                   A        B        C        D        E       F      G
               +--------+--------+--------+--------+--------+-----+--------+
         Total |  14113 |  13305 |    808 |   3933 |   5835 |  12 | 1176.1 |
       Dungeon |  13248 |  12455 |    793 |   3529 |   5736 |  10 | 1324.8 |
        Temple |     29 |     14 |     15 |      0 |      0 |   1 |   29.0 |
       Ossuary |    835 |    835 |      0 |    404 |     99 |   1 |  835.0 |
               +--------+--------+--------+--------+--------+-----+--------+

Top non-repeatable levels by time:
     D:8: 3015 daAuts
     D:7: 1723 daAuts
     D:6: 1543 daAuts
     D:9: 1483 daAuts
     D:1: 1178 daAuts
     D:5: 1160 daAuts
     D:3: 1108 daAuts
     D:2: 1060 daAuts
     D:4: 838 daAuts
 Ossuary: 835 daAuts
    D:10: 136 daAuts
  Temple: 29 daAuts
